 Dungeon Crawl Stone Soup version 0.29.1-2-gbd0b4ee654 (webtiles) character file.

Game seed: 8963780356640242293

57 funnyparkerb the Caller (level 3, -10/14 HPs)
             Began as a Felid Summoner on Nov 12, 2022.
             Killed by divine providence
             ... invoked by an orc priest
              (16 damage)
             ... on level 3 of the Dungeon.
             The game lasted 00:03:02 (2850 turns).

funnyparkerb the Caller (Felid Summoner)            Turns: 2850, Time: 00:03:02

Health: -10/14     AC:  1    Str:  4    XL:     3   Next: 73%
Magic:  5/8        EV: 32    Int: 18    God:
Gold:   138        SH:  0    Dex: 16    Spells: 2/8 levels left
                                        Lives:  0   Deaths: 0

rFire   . . .      SeeInvis +   (weapon unavailable)
rCold   . . .      Faith    .   (shield unavailable)
rNeg    . . .      Spirit   .   (body armour unavailable)
rPois   +          Reflect  .   (helmet unavailable)
rElec   .          Harm     .   (cloak unavailable)
rCorr   .          Rampage  .   (gloves unavailable)
Will    .....                   (boots unavailable)
Stlth   ++........              c - amulet of the acrobat
HPRegen 0.04/turn               h - ring of poison resistance
MPRegen 0.11/turn               (no ring)

@: acrobatic, quick
A: very small, claws 1, fangs 3, see invisible, speed 1, shaggy fur 1, stealthy
paws, no weapons or thrown items, no armour, multi-lived
a: no special abilities


You were on level 3 of the Dungeon.
You visited 1 branch of the dungeon, and saw 3 of its levels.

You collected 138 gold pieces.

Inventory:

Jewellery
 c - an amulet of the acrobat (around neck)
 h - a ring of poison resistance (left paw)
Wands
 n - a wand of quicksilver (8)
Scrolls
 b - a scroll of enchant armour {unknown}
 d - 2 scrolls of identify {unknown}
 g - a scroll of fear {unknown}
 i - a scroll of amnesia {unknown}
 j - a scroll of brand weapon {unknown}
 o - a scroll of poison {unknown}
 p - 2 scrolls of teleportation {unknown}
Potions
 a - a potion of magic
 e - a potion of might {unknown}
 f - 2 potions of mutation {unknown}
 k - a potion of heal wounds {unknown}
 l - a potion of cancellation {unknown}
 m - 3 potions of curing {unknown}


   Skills:
 - Level 2.6 Dodging
 - Level 2.6 Stealth
 + Level 3.0 Spellcasting
 + Level 4.8 Summonings


You had 2 spell levels left.
You knew the following spells:

 Your Spells              Type           Power      Damage    Failure   Level
a - Summon Small Mammal   Summ           80%        N/A       2%          1
b - Call Imp              Summ           20%        N/A       3%          2
c - Call Canine Familiar  Summ           20%        N/A       7%          3

Your spell library contained the following spells:

 Spells                   Type           Power      Damage    Failure   Level
 Summon Guardian Golem    Hex/Summ       11%        N/A       19%         3
 Summon Lightning Spire   Summ/Air       11%        N/A       52%         4


Dungeon Overview and Level Annotations

Branches:
Dungeon (3/15)

Altars:

Shops:
D:1 :[:=[


Innate Abilities, Weirdness & Mutations

You have sharp claws.
You have razor-sharp teeth.
You have supernaturally acute eyesight. (SInv)
You cover ground quickly. (Speed+)
You are covered in fur. (AC +1)
Your paws help you pounce on unaware monsters.
You are incapable of wielding weapons or throwing items.
You cannot wear armour.
You gain extra lives every three experience levels.


Message History

An orc comes into view. It is wielding a +0 club.
Your crimson imp blinks!
Your hound misses the orc.
Your hound bites the orc.
Your hound barely misses the orc.
You closely miss the orc. The orc closely misses you.
An orc priest comes into view. It is wielding a +0 dagger.
You barely miss the orc.
Your hound bites the orc.
The orc dies!
The orc completely misses you.
You scratch the orc but do no damage. The orc misses you.
An orc comes into view. It is wielding a +0 club.
Your hound bites the orc.
You barely miss the orc.
The orc is lightly wounded.
Your hound bites the orc.
The orc misses you.
Your crimson imp misses the orc.
You scratch the orc but do no damage.
The orc is heavily wounded.
Your hound closely misses the orc.
The orc priest mumbles some strange prayers to Beogh against you.
Beogh smites you!
Ouch! That really hurt!
The orc closely misses you.
Your crimson imp hits the orc.
Your hound closely misses the orc.
You are too injured to fight recklessly!
You barely miss the orc.
The orc is severely wounded.
Your hound barely misses the orc.
The orc hits you with a +0 short sword.
Your crimson imp blinks!
You barely miss the orc.
The orc is severely wounded.
Your hound bites the orc.
The orc dies!
The orc priest looks braver for a moment.
Your hound closely misses the orc priest.
Your hound misses the orc priest.
Your hound barely misses the orc priest.
The orc priest mumbles some strange prayers to Beogh against you.
Beogh smites you!
Ouch! That really hurt!
You die...

......#..## .....#....
..#.#... #.#....
###....# # #.....# #.#.
##.#...# $....
##########..@...#.)o...
#.......#...###.ho#..
#..........## #........
#.......#..# #..#.>...
#.........#####....#...
#.......##..[...†##....
#......................
#.......##.............
#.......##.........#...


You could see an orc priest (ally target) and a friendly hound (summoned).

Vanquished Creatures
  2 ball pythons (D:2)
  A giant cockroach (D:1)
  2 goblins (D:1)
  3 kobolds
  3 bats (D:1)
  A frilled lizard (D:2)
  4 rats
16 creatures vanquished.

Vanquished Creatures (collateral kills)
  A worm (D:2)
  A dart slug (D:1)
  2 orcs (D:3)
  9 ball pythons
  3 bats
  2 endoplasms
  A giant cockroach (D:1)
  3 hobgoblins
  A quokka (D:1)
  A frilled lizard (D:1)
  3 goblins
  3 kobolds
  2 rats (D:1)
32 creatures vanquished.

Grand Total: 48 creatures vanquished

Notes
Turn   | Place    | Note
-------+----------+-------------------------------------------
     0 | D:1      | funnyparkerb the Felid Summoner began the quest for the
                  | Orb.
     0 | D:1      | Reached XP level 1. HP: 7/7 MP: 4/4
    14 | D:1      | Found Qesoom's Jewellery Boutique.
   116 | D:1      | Found Zakh's Book Shop.
   257 | D:1      | Reached XP level 2. HP: 11/11 MP: 3/6
   260 | D:1      | Learned a level 2 spell: Call Imp
   405 | D:1      | Found a faded altar of an unknown god.
   632 | D:1      | Found Oppua's Antique Armour Emporium.
  1196 | D:1      | Found Hafug's Book Emporium.
  1216 | D:1      | Reached XP level 3. HP: 14/14 MP: 8/8
  1230 | D:1      | Found Uleky's Armour Boutique.
  1235 | D:1      | Learned a level 3 spell: Call Canine Familiar
  2850 | D:3      | Killed from afar by an orc priest

Illustrated notes

Levels and vault maps discovered:
D:1:      dpeg_arrival_subterranean_lakeside_camping, layout_basic,
          serial_shops, nicolae_shop_temple_entry_statues_fountains,
          nicolae_square_shop, shop, nicolae_lakefront_shop, shop,
          nicolae_ecumenical_snake_handling
D:2:      layout_basic
D:3:      layout_rooms, mainiacjoe_overflow_swirl

Skill      XL: |  1  2  3 |
---------------+----------+-----
Spellcasting   | 3 |  3.0
Dodging        | |  2.6
Stealth        | |  2.6
Summonings     | |  4.8

Action                   || total
-------------------------++-------
Melee: Unarmed           ||    83
       Bite              ||     5
 Cast: Summon Small Mamm ||     8
       Call Imp          ||    18
       Call Canine Famil ||     9
 Stab: Sleeping          ||     3
Armor: Skin              ||     6
Dodge: Dodged            ||    87
